 Dungeon Crawl Stone Soup version 0.16-a0-3940-gf8a207b (webtiles) character file.

2972 abixa the Basher (level 9, -6/56 HPs)
             Began as a Gargoyle Fighter on Feb 7, 2015.
             Was a Priest of Ashenzari.
             Killed by divine providence
             ... invoked by an orc priest
              (16 damage)
             ... on level 8 of the Dungeon.
             The game lasted 00:29:38 (8834 turns).

abixa the Basher (Gargoyle Fighter)                 Turns: 8834, Time: 00:29:38

Health: -6/56      AC: 17    Str: 20    XL:     9   Next: 82%
Magic:  9/9        EV:  6    Int: 12    God:    Ashenzari [***...]
Gold:   336        SH: 10    Dex:  9    Spells: 0 memorised, 8 levels left

rFire  . . .     SeeInvis +     a - +0 flail (curse)
rCold  . . .     Clarity  +     m - +0 chain mail
rNeg   + + .     SustAb   .     c - +0 shield (curse)
rPois  ∞         Gourm    .     A - +0 helmet (curse)
rElec  +         Spirit   .     (no cloak)
rCorr  .         Warding  .     (no gloves)
rMut   .         Stasis   .     (no boots)
MR     .....                    (no amulet)
Stlth  ..........               (no ring)
                                p - ring of positive energy (curse)

@: not resistant to hostile enchantments, extremely unstealthy
A: negative energy resistance 1, electricity resistance, unbreathing,
petrification resistance, rot immunity, AC +5
a: Renounce Religion


You were on level 8 of the Dungeon.
You worshipped Ashenzari.
Ashenzari was most pleased with you.
You were hungry.

You visited 2 branches of the dungeon, and saw 9 of its levels.

You collected 336 gold pieces.

Inventory:

Hand weapons
 a - a cursed +0 flail (weapon)
 I - a +0 flail of protection
Missiles
 f - 215 stones (quivered)
 R - a throwing net
Armour
 c - a cursed +0 shield (worn)
 m - a +0 chain mail (worn)
 A - a cursed +0 helmet (worn)
 K - the +1 leather armour of Gravity {rElec MP-9 Dex+2 Stlth+}
   (You found it on level 6 of the Dungeon)

   It affects your dexterity (+2).
   It insulates you from electricity.
   It affects your magic capacity (-9).
   It makes you more stealthy.
 V - a +2 buckler
Magical staves
 n - an uncursed staff of summoning
Jewellery
 p - a cursed ring of positive energy (left hand)
Magical devices
 s - a wand of teleportation (3)
 y - a wand of teleportation (0)
 F - a wand of flame (17)
 J - a wand of random effects (8)
 N - a wand of lightning (6)
 Q - a wand of invisibility (2)
 S - a wand of random effects (17)
Scrolls
 b - 2 scrolls of amnesia {unknown}
 g - 2 scrolls of fear {unknown}
 j - a scroll of noise {unknown}
 l - 2 scrolls of enchant weapon {unknown}
 q - a scroll of random uselessness {unknown}
 r - 5 scrolls of identify {unknown}
 u - a scroll of enchant armour {unknown}
 v - 4 scrolls of teleportation {unknown}
 w - a scroll of fog {unknown}
 H - a scroll of blinking {unknown}
 L - 2 scrolls of curse weapon
 P - a scroll of silence {unknown}
 W - a scroll of acquirement {unknown}
Potions
 e - a potion of might
 i - 4 potions of invisibility {unknown}
 k - a potion of ambrosia {unknown}
 o - 3 potions of agility
 t - a potion of flight {unknown}
 z - a potion of restore abilities {unknown}
 B - a potion of heal wounds {unknown}
 E - 3 potions of cancellation {unknown}
 G - 2 potions of haste {unknown}
 M - a potion of brilliance {unknown}
 U - a potion of mutation {unknown}
 X - a potion of poison {unknown}
Comestibles
 d - 2 bread rations
 h - 3 meat rations
 x - 2 slices of pizza
 C - 9 fruits
 D - a chunk of flesh


   Skills:
 * Level 6.3 Fighting
 - Level 11.0(13.6) Maces & Flails
 * Level 6.9 Armour
 - Level 3.7(5.4) Shields


You had 8 spell levels left.
You didn't know any spells.

Dungeon Overview and Level Annotations

Branches:
Dungeon (8/15)             Temple (1/1) D:7
   Lair: D:8-11

Altars:
Ashenzari
Cheibriados
Dithmenos
Elyvilon
Gozag
Kikubaaqudgha
Makhleb
Nemelex Xobeh
Okawaru
Qazlal
Ru
Sif Muna
Trog
Vehumet
Xom
Zin

Shops:
D:6 [

Annotations:
D:6 stickyfingers' ghost, experienced MiEn


Innate Abilities, Weirdness & Mutations

You are resistant to torment.
You are immune to poison.
Your stone body is very resilient (AC +5).
You resist negative energy.
You are resistant to electric shocks.
You can survive without breathing.
You are immune to petrification.
You are immune to rotting.


Message History

You barely miss the orc warrior.
The orc warrior is heavily wounded.
You block the orc priest's attack.
You hit the orc warrior but do no damage.
The orc warrior is heavily wounded.
The orc warrior hits you with a scimitar.
The orc priest calls upon Beogh to heal the orc warrior.
The orc warrior is healed somewhat.
You closely miss the orc priest. The orc warrior barely misses you.
You hit the orc priest but do no damage.
The orc priest hits you but does no damage.
You closely miss the orc priest. You block the orc warrior's attack.
You block the orc priest's attack.
You hit the orc priest but do no damage.
The orc warrior hits you with a scimitar!
* * * LOW HITPOINT WARNING * * *
You barely miss the orc priest.
The orc priest calls down the wrath of Beogh upon you.
Something smites you!
You die...

._., * #.#.#.## , * * ... #.#.#...
* ... * #.#.###. , , ... #)#..... *
#.# #<#####. , * #.# #.....#. * ,
#.# ###.#.## ,, * * #.# #.#... * *
* #@############.#### , ,,
#oo..))......#.#
###################)########.#.#
oo..o.(.((.o((........#....#.#.#
###################.#.#.##.#.#.####
, , #............#.#.#.......... *
* ,#.########.#.#.#.#..#.#.####
,#.#........#.#.#.#..#.#.#
*,#[#.########.#.#>####.#.#


You could see an orc warrior and an orc priest.

Vanquished Creatures
  A hippogriff (D:7)
  Edmund (D:6)
  3 phantoms (D:7)
  4 sky beasts
  A necrophage (D:7)
  A black bear (D:6)
  An ogre (D:6)
  An ice beast (D:6)
  A big kobold (D:8)
  A gnoll sergeant (D:6)
  2 giant frogs (D:8)
  2 scorpions
  4 killer bees (D:6)
  3 hounds
  2 goliath beetles
  A quasit (D:8)
  2 orc priests
  3 orc wizards
  3 crimson imps
  2 jellies
  A giant frog skeleton (D:7)
  7 worker ants
  Natasha (thrice) (D:3)
  2 iguanas
  Jessica (D:3)
  9 adders
  13 gnolls
  2 shadow imps
  A giant mite (D:4)
  3 river rats (D:6)
  6 worms
  An adder zombie (D:7)
  An adder skeleton (D:8)
  5 giant geckos
  3 oozes
  19 orcs
  15 goblins
  10 hobgoblins
  20 kobolds
  5 quokkas
  4 ball pythons
  9 bats
  9 giant cockroaches
  3 giant newts
  17 jackals
  A jackal skeleton (D:4)
  14 rats
223 creatures vanquished.

Vanquished Creatures (others)
  A butterfly (D:2)
  3 plants (D:6)
4 creatures vanquished.

Grand Total: 227 creatures vanquished

Notes
Turn   | Place    | Note
--------------------------------------------------------------
     0 | D:1      | abixa, the Gargoyle Fighter, began the quest for the Orb.
     0 | D:1      | Reached XP level 1. HP: 14/14 MP: 1/1
    75 | D:1      | Reached XP level 2. HP: 16/19 MP: 2/2
   366 | D:1      | Reached XP level 3. HP: 8/23 MP: 3/3
   908 | D:2      | Found a bloodstained altar of Trog.
   951 | D:2      | Reached skill level 4 in Maces & Flails
  1004 | D:2      | Reached XP level 4. HP: 24/28 MP: 4/4
  1259 | D:2      | Found a shimmering altar of Xom.
  1564 | D:3      | Found an opulent altar of Gozag.
  1566 | D:3      | Noticed Jessica
  1573 | D:3      | Killed Jessica
  1592 | D:3      | Reached skill level 5 in Maces & Flails
  1669 | D:3      | Reached XP level 5. HP: 28/32 MP: 5/5
  1709 | D:3      | Noticed Natasha
  1716 | D:3      | Killed Natasha
  1805 | D:3      | Noticed Natasha
  1811 | D:3      | Killed Natasha
  1920 | D:3      | Noticed Natasha
  1922 | D:3      | Killed Natasha
  2390 | D:4      | Reached skill level 6 in Maces & Flails
  2390 | D:4      | Reached XP level 6. HP: 18/37 MP: 6/6
  3286 | D:4      | Reached skill level 7 in Maces & Flails
  3463 | D:4      | Found a shattered altar of Ashenzari.
  3472 | D:4      | Became a worshipper of Ashenzari the Shackled
  3617 | D:5      | Entered Level 5 of the Dungeon
  3793 | D:5      | Reached XP level 7. HP: 37/41 MP: 7/7
  3891 | D:5      | Reached skill level 8 in Maces & Flails
  3910 | D:5      | Found an ancient bone altar of Kikubaaqudgha.
  4012 | D:5      | Found a burning altar of Makhleb.
  4353 | D:5      | Found a sparkling altar of Nemelex Xobeh.
  4479 | D:6      | Got the uncursed leather armour of Gravity {rElec MP-9 Dex+2 Stlth+}
  4510 | D:6      | Noticed stickyfingers' ghost (experienced MiEn)
  4790 | D:6      | Reached skill level 9 in Maces & Flails
  4790 | D:6      | Reached XP level 8. HP: 46/46 MP: 8/8
  4795 | D:6      | Noticed Edmund
  4830 | D:6      | Killed Edmund
  5250 | D:6      | Found Ahoextyv's Armour Boutique.
  5337 | D:6      | Reached skill level 10 in Maces & Flails
  5917 | D:6      | Reached XP level 9. HP: 52/52 MP: 9/9
  6446 | D:7      | Reached skill level 5 in Armour
  6572 | D:7      | Found a radiant altar of Vehumet.
  6690 | D:7      | Acquired Ashenzari's first power
  6738 | D:7      | Found a staircase to the Ecumenical Temple.
  6791 | Temple   | Entered the Ecumenical Temple
  7005 | D:7      | Reached skill level 5 in Fighting
  7116 | D:7      | Reached skill level 11 in Maces & Flails
  8675 | D:8      | Found a glowing silver altar of Zin.
  8722 | D:8      | Acquired Ashenzari's second power
  8834 | D:8      | Killed from afar by an orc priest

Action                   |  1- 3 |  4- 6 |  7- 9 || total
-------------------------+-------+-------+-------++-------
Melee: Flail             |   115 |   315 |   738 ||  1168
Throw: Stone             |       |     4 |    16 ||    20
Evoke: Wand              |       |       |     8 ||     8
  Use: Scroll            |       |     3 |     1 ||     4
  Eat: Chunk             |       |    10 |    15 ||    25
       Fruit             |       |       |     2 ||     2
